[Event "*** Titled Tuesday Blitz"]
[Site "Chess.com"]
[Date "2021.03.30"]
[Round "3"]
[White "UCantHandleDenker"]
[Black "MaxLeto"]
[Result "1-0"]
[WhiteElo "2546"]
[BlackElo "2359"]
[TimeControl "180+1"]
[EndTime "10:27:19 PDT"]
[Termination "UCantHandleDenker won by resignation"]

1. Nf3 d5 2. g3 c6 3. Bg2 Nf6 4. O-O Bf5 5. d3 e6 6. Nbd2 h6 7. Qe1 Bh7 8. e4 Be7 9. Ne5 O-O 10. f4 Nbd7 11. Nxd7 Nxd7 12. Kh1 a5 13. a3 b5 14. Qe2 b4 15. g4 bxa3 16. bxa3 Nc5 17. e5 Na4 18. Nf3 Rb8 19. Qe1 Nc5 20. h4 a4 21. g5 h5 22. Qe2 Bf5 23. Nd4 Bg4 24. Bf3 Bxf3+ 25. Qxf3 Qb6 26. Be3 g6 27. Rg1 Qa6 28.
f5 Qc8 29. f6 Bd8 30. Ne2 Nd7 31. d4 c5 32. c3 cxd4 33. Bxd4 Bb6 34. Nf4 Bxd4 35.
cxd4 Rb3 36. Qf2 Qc2 37. Qxc2 1-0

[Event "*** Titled Tuesday Blitz"]
[Site "Chess.com"]
[Date "2021.03.30"]
[Round "3"]
[White "GelmanAlexander"]
[Black "ChessWarrior7197"]
[Result "0-1"]
[WhiteElo "2644"]
[BlackElo "2899"]
[TimeControl "180+1"]
[EndTime "10:27:20 PDT"]
[Termination "ChessWarrior7197 won by resignation"]

1. d4 e6 2. Nc3 b6 3. e4 Bb7 4. Bd3 Bb4 5. Ne2 Nf6 6. O-O d5 7. e5 Nfd7 8. Nf4 h5 9. Nce2 h4 10. Nh3 Nc6 11. c3 Bf8 12. f4 g6 13. f5 gxf5 14. Bxf5 exf5 15. Rxf5 Qe7 16. Bg5 Qe6 17. Qd3 Ne7 18. Rf2 O-O-O 19. Raf1 Re8 20. Rxf7 Nc6 21. b4 Ndxe5 22. dxe5 Nxe5 23. Nd4 Qxf7 24. Rxf7 Nxd3 0-1

[Event "*** Titled Tuesday Blitz"]
[Site "Chess.com"]
[Date "2021.03.30"]
[Round "3"]
[White "bait_or_mate"]
[Black "Mili_Brizzi"]
[Result "1-0"]
[WhiteElo "2521"]
[BlackElo "2288"]
[TimeControl "180+1"]
[EndTime "10:27:22 PDT"]
[Termination "bait_or_mate won by checkmate"]

1. d4 d5 2. c4 c6 3. cxd5 cxd5 4. Bf4 Nf6 5. Nc3 Nc6 6. e3 Bf5 7. Nf3 e6 8. Qb3 Bb4 9. Bb5 O-O 10. Bxc6 Bxc3+ 11.
Qxc3 Rc8 12. Ne5 bxc6 13. O-O Ne4 14. Qa3 a5 15. Rfc1 f6 16. Nxc6 Rxc6 17. Rxc6 g5 18. Bd6 Re8 19. Rac1 Qd7 20. Bg3 h5 21. Rc7 Qb5 22.
f3 Nxg3 23. hxg3 Qe2 24. Rc8 Kf7 25. Rxe8 Kxe8 26. Qc3 h4 27. Qc8+ Kf7 28. Rc7+ Kg6 29. Qg8+ Kh6 30. Qh8+ Kg6 31. Rg7# 1-0

[Event "*** Titled Tuesday Blitz"]
[Site "Chess.com"]
[Date "2021.03.30"]
[Round "3"]
[White "Kotofeyca"]
[Black "esrosenberg"]
[Result "1-0"]
[WhiteElo "2364"]
[BlackElo "2215"]
[TimeControl "180+1"]
[EndTime "10:27:22 PDT"]
[Termination "Kotofeyca won on time"]

1. d4 Nf6 2. c4 e6 3. Nf3 d5 4.
Nc3 Bb4 5. cxd5 exd5 6. a3 Bxc3+ 7. bxc3 O-O 8. Bg5 h6 9. Bh4 Qd6 10. e3 Ne4 11. c4 dxc4 12. Bxc4 Bg4 13. O-O Nd7 14. Bd3 Bxf3 15. gxf3 Ng5 16. Bg3 Qe6 17. h4 Nh3+ 18. Kg2 f5 19. Rc1 Nb6 20. f4 g5 21. Kxh3 g4+ 22. Kh2 c6 23. Rc5 Kg7 24.
Re5 Qd6 25. Qb3 Nd5 26. Bxf5 h5 27. Be6 1-0

[Event "*** Titled Tuesday Blitz"]
[Site "Chess.com"]
[Date "2021.03.30"]
[Round "3"]
[White "Lyschko"]
[Black "Sadykov_Ramil"]
[Result "1/2-1/2"]
[WhiteElo "2253"]
[BlackElo "2602"]
[TimeControl "180+1"]
[EndTime "10:27:25 PDT"]
[Termination "Game drawn by repetition"]

1. c4 e6 2. e4 c5 3. Nf3 Nc6 4. Nc3 e5 5. Be2 g6 6. O-O Bg7 7. d3 d6 8. Nd5 h6 9. a3 Nge7 10. Rb1 O-O 11. b4 b6 12. b5 Nxd5 13. cxd5 Nd4 14.
Nxd4 cxd4 15. Bd2 Bd7 16. a4 f5 17. Bf3 Rc8 18. Qb3 Kh7 19. Bb4 Qe7 20. Rbc1 Rxc1 21.
Rxc1 Rc8 22. Rxc8 Bxc8 23. Qc4 Bb7 24. h3 Bf8 25. Kh2 Qd7 26. g3 Qc8 27. Qxc8 Bxc8 28. Kg2 Kg7 29. g4 f4 30. Bd1 g5 31. f3 Kf7 32. Bb3 Ke7 33. Kf1 Kd7 34. Ke2 Kc7 35. Kd2 Be7 36. Kc2 Bf8 37. Kd2 Be7 38. Kc2 Bf8 39. Kd2 1/2-1/2

[Event "*** Titled Tuesday Blitz"]
[Site "Chess.com"]
[Date "2021.03.30"]
[Round "3"]
[White "Borsuk_Konstantin"]
[Black "sakkikuska"]
[Result "1-0"]
[WhiteElo "2670"]
[BlackElo "2491"]
[TimeControl "180+1"]
[EndTime "10:27:27 PDT"]
[Termination "Borsuk_Konstantin won by checkmate"]

1. d4 Nf6 2. c4 g6 3. Nc3 d5 4. Nf3 Bg7 5. Bg5 dxc4 6. e3 Be6 7. Ne5 Nd5 8. Nxc4 O-O 9. Rc1 Nxc3 10. bxc3 c5 11. Bh4 cxd4 12. cxd4 Nc6 13. Be2 Rc8 14. O-O Bd5 15. a4 Qd7 16. Qd2 Bxc4 17. Bxc4 e5 18. d5 Ne7 19. Bxe7 Qxe7 20. d6 Qf6 21. Qd5 Rcd8 22. Rfd1 b6 23. Bb5 Qe6 24. Qxe6 fxe6 25.
e4 Kf7 26. Rc7+ Kf6 27. Rxa7 Rc8 28. Rc7 Rfd8 29. Rdc1 Rb8 30. d7 Bh6 31. R1c3 Bf8 32. g3 Bc5 33. Kg2 Ke7 34. Rd3 Rf8 35. d8=Q# 1-0

[Event "*** Titled Tuesday Blitz"]
[Site "Chess.com"]
[Date "2021.03.30"]
[Round "3"]
[White "Speed-O-Sonic"]
[Black "campomania3"]
[Result "0-1"]
[WhiteElo "2339"]
[BlackElo "2224"]
[TimeControl "180+1"]
[EndTime "10:27:27 PDT"]
[Termination "campomania3 won by resignation"]

1. d4 d5 2. Bf4 Nf6 3. e3 c5 4. dxc5 Qa5+ 5. Nc3 Qxc5 6. Nb5 Na6 7. Nf3 e6 8. c3 Be7 9. Be2 O-O 10. O-O Bd7 11.
a4 Rfc8 12. Ne5 Be8 13. b4 Qb6 14. a5 Qd8 15. Qb3 Nc7 16. Nd4 a6 17. Rac1 Ne4 18. f3 Nd2 19. Qa2 Nxf1 20. Bxf1 Nb5 21. Nxb5 Bxb5 22.
Bxb5 axb5 23. Qe2 Bxb4 24. Qxb5 Bd6 25. Qxb7 Bxe5 26. Bxe5 Rxa5 27. Rb1 Rac5 28. Bd4 R5c6 29. f4 Qc7 30. Qb2 g6 31. Qf2 Rxc3 32. Qh4 Rc1+ 33. Rxc1 Qxc1+ 34. Kf2 Rc2+ 35. Kg3 Qe1+ 0-1

[Event "*** Titled Tuesday Blitz"]
[Site "Chess.com"]
[Date "2021.03.30"]
[Round "3"]
[White "Eltaj_Safarli"]
[Black "KrolPawel92OnTwitch"]
[Result "1-0"]
[WhiteElo "2863"]
[BlackElo "2616"]
[TimeControl "180+1"]
[EndTime "10:27:28 PDT"]
[Termination "Eltaj_Safarli won on time"]

1. e4 c5 2. Nc3 Nc6 3. Bb5 Nf6 4. Bxc6 dxc6 5. d3 g6 6. f4 Bg7 7. Nf3 O-O 8. O-O Bg4 9. h3 Bxf3 10. Qxf3 e6 11. Be3 b6 12. Rad1 Qc7 13. e5 Nd5 14. Ne4 Rad8 15. Bf2 Qb7 16. Bh4 Rd7 17. c4 Ne7 18.
Nf6+ Bxf6 19. Bxf6 h6 20. Qf2 Kh7 21. d4 cxd4 22.
Rxd4 c5 23. Rd2 Rfd8 24. Rfd1 Rxd2 25. Rxd2 Rxd2 26. Qxd2 Nc6 27. Qd6 Qc8 28. a3 a5 29.
Kh2 Kg8 30. g4 a4 31. Qd1 Qa8 32. Qf3 Qb7 33. f5 exf5 34. gxf5 Qd7 35. Qd5 Qxd5 36. cxd5 Nd4 37. d6 1-0

[Event "*** Titled Tuesday Blitz"]
[Site "Chess.com"]
[Date "2021.03.30"]
[Round "3"]
[White "Gnechko_Ruslan"]
[Black "KNVB"]
[Result "1-0"]
[WhiteElo "2459"]
[BlackElo "2664"]
[TimeControl "180+1"]
[EndTime "10:27:28 PDT"]
[Termination "Gnechko_Ruslan won by checkmate"]

1. d4 Nf6 2. Nf3 e6 3. Bf4 c5 4. c3 d5 5. e3 Nc6 6. Nbd2 cxd4 7. exd4 Nh5 8. Be3 Bd6 9. Ne5 g6 10. Nxc6 bxc6 11. Be2 Nf4 12. Bxf4 Bxf4 13. g3 Bd6 14. f4 O-O 15. O-O a5 16. Nf3 Qb6 17. Rb1 f6 18.
Kg2 Bd7 19. Re1 Kg7 20. Bd3 Rae8 21. Qc2 c5 22. dxc5 Bxc5 23. h4 Bc6 24. b4 Bd6 25.
h5 e5 26. Bxg6 Rc8 27. fxe5 fxe5 28. Nxe5 Bxe5 29. Rxe5 d4+ 30. Be4 d3 31. Qxd3 Qf2+ 32. Kh3 Bxe4 33. Qxe4 Rxc3 34. Rg5+ Kh6 35. Rg6+ Kxh5 36.
Qg4# 1-0

[Event "*** Titled Tuesday Blitz"]
[Site "Chess.com"]
[Date "2021.03.30"]
[Round "3"]
[White "ApoIogiA"]
[Black "AradNazari"]
[Result "0-1"]
[WhiteElo "2187"]
[BlackElo "2498"]
[TimeControl "180+1"]
[EndTime "10:27:28 PDT"]
[Termination "AradNazari won by resignation"]

1. d4 Nf6 2. c4 g6 3. f3 d5 4. cxd5 Nxd5 5. e4 Nb6 6. Nc3 Bg7 7.
Be3 O-O 8. Qd2 e5 9. d5 c6 10.
O-O-O cxd5 11. exd5 N8d7 12. Bh6 Nf6 13. Bxg7 Kxg7 14.
h4 h5 15. Nh3 Bxh3 16. Rxh3 Rc8 17. Kb1 Rxc3 18. Qxc3 Nbxd5 19. Qxe5 Nc3+ 20. Qxc3 Qxd1+ 21. Qc1 Rd8 22. Rh1 Qd4 23. Be2 Qf2 24. Bc4 Qxg2 25.
Re1 Qxf3 26. Qc2 Rd4 27. b3 Rxh4 28. Re7 Nd5 29. Rd7 Rd4 30. Qb2 Qd1+ 31. Qc1 Nc3+ 32. Kb2 Qxc1+ 33. Kxc1 Rxd7 34. Kc2 Ne4 0-1

[Event "*** Titled Tuesday Blitz"]
[Site "Chess.com"]
[Date "2021.03.30"]
[Round "3"]
[White "jraosam"]
[Black "Irina_Baraeva"]
[Result "0-1"]
[WhiteElo "1838"]
[BlackElo "2281"]
[TimeControl "180+1"]
[EndTime "10:27:28 PDT"]
[Termination "Irina_Baraeva won by resignation"]

1. c4 e5 2. Nc3 Nf6 3. Nf3 Nc6 4. e3 d5 5. cxd5 Nxd5 6. Bb5 f6 7. d4 Bb4 8. Bd2 Bxc3 9. bxc3 e4 10. Nh4 O-O 11. O-O g5 12. Qh5 gxh4 13. Qxh4 Bf5 14. f3 Qe7 15. c4 Nb6 16. c5 Nd5 17. Bc4 Rad8 18. fxe4 Qxe4 19. Rf4 Qc2 20. Rxf5 Qxc4 21. Rh5 Qd3 22. e4 Qxd4+ 0-1

[Event "*** Titled Tuesday Blitz"]
[Site "Chess.com"]
[Date "2021.03.30"]
[Round "3"]
[White "MarkoPe"]
[Black "ViktoriyaTarasova"]
[Result "1/2-1/2"]
[WhiteElo "2202"]
[BlackElo "2403"]
[TimeControl "180+1"]
[EndTime "10:27:29 PDT"]
[Termination "Game drawn by repetition"]

1. e4 e5 2. Nf3 Nc6 3. Bb5 Nf6 4. d3 Bc5 5. O-O Nd4 6. Ba4 Nxf3+ 7. Qxf3 h6 8. Be3 Bxe3 9. Qxe3 O-O 10. c3 c6 11. d4 d6 12. Nd2 Qc7 13. Bc2 Re8 14.
Qg3 Nh5 15. Qh4 Nf4 16. Rae1 Qe7 17. Qxe7 Rxe7 18. g3 Ng6 19. Kg2 b5 20. f4 f6 21.
Bb3+ Kh7 22. h4 exf4 23. gxf4 Nxh4+ 24. Kg3 Ng6 25. Bc2 Bd7 26. Rg1 Rae8 27. Nf3 Kh8 28.
e5 Nf8 29. exd6 Rxe1 30. Rxe1 Rxe1 31. Nxe1 Kg8 32. Nd3 Kf7 33. Nc5 Ke8 34. Be4 Kd8 35. Kh4 Be8 36. Kg4 Bd7+ 37. Kh5 Be8+ 38. Kg4 Bd7+ 39.
Kh5 Be8+ 40. Kg4 1/2-1/2

[Event "*** Titled Tuesday Blitz"]
[Site "Chess.com"]
[Date "2021.03.30"]
[Round "3"]
[White "Tpros"]
[Black "GM_Crest"]
[Result "0-1"]
[WhiteElo "2458"]
[BlackElo "2734"]
[TimeControl "180+1"]
[EndTime "10:27:30 PDT"]
[Termination "GM_Crest won on time"]

1. c4 Nf6 2. d3 c5 3. g3 e6 4. Bg2 d5 5. Nd2 Nc6 6. Ngf3 Be7 7. O-O O-O 8. cxd5 exd5 9. e4 h6 10. a3 Be6 11. Re1 Qb6 12. Qc2 Rfd8 13. b3 Rac8 14. Rb1 a5 15. exd5 Bxd5 16. Nc4 Qa6 17. Be3 b5 18.
Ncd2 Nd4 19. Qb2 Qb7 20. Bxd4 cxd4 21. Nh4 Bxg2 22. Nxg2 Rc3 23. Nf4 g5 24. Ng2 Rxd3 25. b4 axb4 26. axb4 Bf8 27. Re2 Rc3 28. Ne1 Qd5 29.
Rc1 Rdc8 30. Nd3 Rxc1+ 31. Nxc1 Bxb4 0-1

[Event "*** Titled Tuesday Blitz"]
[Site "Chess.com"]
[Date "2021.03.30"]
[Round "3"]
[White "ehrenfeld"]
[Black "BJthechessgod"]
[Result "0-1"]
[WhiteElo "2515"]
[BlackElo "2329"]
[TimeControl "180+1"]
[EndTime "10:27:32 PDT"]
[Termination "BJthechessgod won on time"]

1. e4 c5 2. Nf3 e6 3. d3 Nc6 4. g3 Nf6 5. Bg2 Be7 6. O-O O-O 7.
Qe2 d5 8. e5 Nd7 9. c4 d4 10.
h4 h6 11. Re1 Re8 12. Nbd2 Qc7 13. Nf1 Nf8 14. N1h2 Ng6 15. h5 Nf8 16. Ng4 Nh7 17.
Bf4 Bf8 18. Nd2 Ne7 19. Ne4 Nf5 20. Qd2 Bd7 21. Nef6+ gxf6 22. exf6 Qd8 23. Be4 Nxf6 24. Bxf5 exf5 25. Rxe8 Bxe8 26. Nxh6+ Bxh6 27. Bxh6 Nxh5 28. Re1 Qf6 29. Bg5 Qg7 30. Be7 Bc6 31. Bxc5 f4 0-1

[Event "*** Titled Tuesday Blitz"]
[Site "Chess.com"]
[Date "2021.03.30"]
[Round "3"]
[White "anon481216"]
[Black "Vanina1989"]
[Result "1/2-1/2"]
[WhiteElo "2516"]
[BlackElo "2762"]
[TimeControl "180+1"]
[EndTime "10:27:33 PDT"]
[Termination "Game drawn by repetition"]

1. d4 d5 2. c4 c6 3. Nc3 Nf6 4. e3 Bf5 5. cxd5 cxd5 6. Qb3 Nc6 7. Qxb7 Bd7 8. Qb3 Rb8 9. Qd1 e5 10. dxe5 Nxe5 11. Be2 Bd6 12. Nf3 O-O 13. O-O Qe7 14. Nxe5 Qxe5 15. f4 Qe6 16. Bf3 Bc6 17. Ne2 Bc5 18.
Nd4 Qd6 19. b3 Rfe8 20. Kh1 Bd7 21. Re1 Qb6 22. Nc2 Bf5 23. Bb2 Bxc2 24. Qxc2 Bxe3 25. Bxf6 Qxf6 26. Bxd5 Bxf4 27. g3 Rxe1+ 28. Rxe1 Bd6 29. Qc4 Rf8 30. Rf1 Qe7 31. Kg2 g6 32. Rf2 Kg7 33. Re2 Qf6 34. Rf2 Qe7 35. Re2 Qf6 36. Rf2 Qe7 1/2-1/2

[Event "*** Titled Tuesday Blitz"]
[Site "Chess.com"]
[Date "2021.03.30"]
[Round "3"]
[White "DeTimmerman"]
[Black "parintele_chess"]
[Result "1-0"]
[WhiteElo "2731"]
[BlackElo "2252"]
[TimeControl "180+1"]
[EndTime "10:27:33 PDT"]
[Termination "DeTimmerman won on time"]

1. b4 e5 2. Bb2 f6 3. e4 c6 4.
a3 d5 5. exd5 cxd5 6. Nf3 a6 7.
Be2 Nc6 8. d3 Bd6 9. O-O Nge7 10. c4 Be6 11. Nc3 d4 12. Ne4 O-O 13. Nfd2 h6 14. Nxd6 Qxd6 15. Ne4 Qc7 16. Nc5 Bf7 17. Bc1 b6 18. Nb3 f5 19. Bf3 e4 20. dxe4 Bxc4 21. Be2 b5 22. Nc5 fxe4 23. Nxe4 Qe5 24. Bd3 Rfe8 25.
Nc5 Rad8 26. Bb2 Nd5 27. Qc2 Bxd3 28. Nxd3 Qd6 29. Rae1 Rxe1 30. Rxe1 Rc8 31. Nc5 Ne5 32. Bxd4 Nxb4 33. Qb3+ Nd5 34. Ne4 Qe6 35. Nd2 1-0

[Event "*** Titled Tuesday Blitz"]
[Site "Chess.com"]
[Date "2021.03.30"]
[Round "3"]
[White "eCztery"]
[Black "elohunter1999"]
[Result "1-0"]
[WhiteElo "2379"]
[BlackElo "2531"]
[TimeControl "180+1"]
[EndTime "10:27:33 PDT"]
[Termination "eCztery won by resignation"]

1. e4 g6 2. d4 Bg7 3. Nc3 d6 4. Bf4 a6 5. Qd2 b5 6. O-O-O Bb7 7. f3 Nd7 8. h4 h5 9. Nh3 Rc8 10. Kb1 c5 11. dxc5 Nxc5 12. Nd5 Nf6 13. Ng5 Nxd5 14. exd5 Na4 15. c3 Rxc3 16. bxc3 Nxc3+ 17. Kc2 Qc7 18. Kd3 Qc4+ 19. Ke3 Nxd1+ 20. Qxd1 Qc5+ 21. Ke2 Bxd5 22. Be3 Qc4+ 23. Kf2 Qxa2+ 24. Be2 O-O 25. Re1 Rc8 26.
Kg1 Rc2 27. Kh1 b4 28. Bf1 b3 29. Qxd5 e6 30. Qb7 Qa5 31. Qxf7+ Kh8 32. Qe8+ 1-0

[Event "*** Titled Tuesday Blitz"]
[Site "Chess.com"]
[Date "2021.03.30"]
[Round "3"]
[White "Fandorine"]
[Black "KNCP_719"]
[Result "1-0"]
[WhiteElo "2876"]
[BlackElo "2626"]
[TimeControl "180+1"]
[EndTime "10:27:34 PDT"]
[Termination "Fandorine won by resignation"]

1. Nf3 d5 2. e3 Nf6 3. c4 c6 4. Nc3 e6 5. b3 a6 6. Bb2 c5 7. cxd5 exd5 8. d4 Be6 9. Be2 Nc6 10. O-O Be7 11. Rc1 O-O 12. dxc5 Bxc5 13. Nxd5 Nxd5 14. Rxc5 Nde7 15. Nd4 Bd5 16. Nxc6 Bxc6 17. Bc4 Ng6 18. Qxd8 Raxd8 19. Bc3 Rc8 20. Rc1 Rfd8 21. f3 Nf8 22. Ba5 Re8 23. Bd5 Nd7 24. Bxc6 Rxc6 25.
Rxc6 bxc6 26. Rxc6 h5 27. Rd6 Ne5 28. Rd8 1-0

[Event "*** Titled Tuesday Blitz"]
[Site "Chess.com"]
[Date "2021.03.30"]
[Round "3"]
[White "BogdanDeac"]
[Black "Gloomy_Wanderer"]
[Result "1-0"]
[WhiteElo "3026"]
[BlackElo "2711"]
[TimeControl "180+1"]
[EndTime "10:27:36 PDT"]
[Termination "BogdanDeac won by resignation"]

1. Nf3 Nf6 2. c4 e6 3. Nc3 d5 4.
d4 Bb4 5. Bg5 dxc4 6. e4 h6 7.
Bxf6 Qxf6 8. Bxc4 c5 9. O-O O-O 10. e5 Qd8 11. Ne4 cxd4 12. Qe2 Be7 13. Rfd1 Qa5 14.
a3 Nc6 15. b4 Qc7 16. Ned2 Rd8 17. Qe4 Bf8 18. h4 g6 19. h5 g5 20. Bd3 Bg7 21. Rac1 a6 22. Nc4 Bd7 23. Nd6 Be8 24. Nxd4 Qb6 25.
Qh7+ Kf8 26. N4f5 exf5 27. Nxf5 Bxe5 28. Qxh6+ Kg8 29. Ne7+ Nxe7 30. Qxb6 1-0

[Event "*** Titled Tuesday Blitz"]
[Site "Chess.com"]
[Date "2021.03.30"]
[Round "3"]
[White "RobertoJBM"]
[Black "Leo_C"]
[Result "0-1"]
[WhiteElo "2705"]
[BlackElo "2362"]
[TimeControl "180+1"]
[EndTime "10:27:36 PDT"]
[Termination "Leo_C won by resignation"]

1. e4 c6 2. d4 d5 3. exd5 cxd5 4. Bd3 Nc6 5. c3 Qc7 6. Ne2 Bg4 7. O-O e6 8. Qe1 Bxe2 9. Qxe2 Bd6 10. f4 Nge7 11. g3 O-O 12. Nd2 Ng6 13. Nf3 Rae8 14. Ne5 Nce7 15.
Be3 f6 16. Nxg6 Nxg6 17. Rae1 a6 18. Bc1 f5 19. Qf3 Rf7 20. Re2 Rfe7 21. Rfe1 Nf8 22. g4 fxg4 23. Qxg4 Rf7 24. Rf1 Qd7 25. Rff2 Qc8 26.
Kg2 Nd7 27. Rxe6 Nf6 28. Rxe8+ Qxe8 29. Qe2 Ne4 30. Bxe4 dxe4 31. Qg4 e3 32. Re2 Rxf4 33. Qh3 Qg6+ 34. Kh1 Qe4+ 35. Kg1 Rg4+ 36. Rg2 e2 0-1

[Event "*** Titled Tuesday Blitz"]
[Site "Chess.com"]
[Date "2021.03.30"]
[Round "3"]
[White "Volodar_Murzin"]
[Black "gaby_przz"]
[Result "1-0"]
[WhiteElo "2756"]
[BlackElo "2461"]
[TimeControl "180+1"]
[EndTime "10:27:38 PDT"]
[Termination "Volodar_Murzin won by resignation"]

1. e4 c5 2. Nf3 Nc6 3. Bb5 Qb6 4. Nc3 e6 5. O-O a6 6. Bc4 Qc7 7. a4 Nf6 8. d3 Be7 9. Re1 d6 10. Bf4 O-O 11. h3 Nd4 12. e5 dxe5 13. Bxe5 Qd8 14. Nxd4 cxd4 15. Ne2 Bc5 16. Qc1 Qb6 17. a5 Qa7 18. Bxf6 gxf6 19. Qh6 Be7 20. Ng3 Qc5 21. Re4 Kh8 22. Rh4 1-0

[Event "*** Titled Tuesday Blitz"]
[Site "Chess.com"]
[Date "2021.03.30"]
[Round "3"]
[White "picturesquecheck"]
[Black "J36225"]
[Result "1-0"]
[WhiteElo "2264"]
[BlackElo "2492"]
[TimeControl "180+1"]
[EndTime "10:27:38 PDT"]
[Termination "picturesquecheck won on time"]

1. e4 e5 2. Nf3 Nc6 3. Bb5 Nd4 4. Nxd4 exd4 5. O-O Nf6 6. e5 Nd5 7. c3 c6 8. Bc4 Nb6 9. Bb3 dxc3 10. bxc3 Be7 11. d4 O-O 12. Re1 d5 13. Ba3 Bf5 14. Bxe7 Qxe7 15.
Nd2 Rae8 16. Qf3 Bg6 17. Qe3 f6 18. f4 Nc8 19. c4 dxc4 20. Nxc4 Bf7 21. Qg3 fxe5 22.
dxe5 Bxc4 23. Bxc4+ Kh8 24. Bb3 Nb6 25. Qe3 c5 26.
Rac1 Rc8 27. g3 c4 28. Bd1 c3 29. Bf3 Qc5 30. Kf2 Rfd8 31. Qxc5 Rxc5 32. Red1 Rdc8 33. Rd3 c2 34. Rd2 h6 35. Be4 1-0

[Event "*** Titled Tuesday Blitz"]
[Site "Chess.com"]
[Date "2021.03.30"]
[Round "3"]
[White "chegueps"]
[Black "MYMChessAcademy"]
[Result "1-0"]
[WhiteElo "2460"]
[BlackElo "2247"]
[TimeControl "180+1"]
[EndTime "10:27:38 PDT"]
[Termination "chegueps won by checkmate"]

1. d4 Nf6 2. Nf3 g6 3. Nc3 d5 4. Bf4 Bg7 5. Qd2 O-O 6. Bh6 Nc6 7. h4 Bf5 8. h5 a5 9. hxg6 fxg6 10. Bxg7 Kxg7 11. Qh6+ Kg8 12. Ng5 Qd7 13. Nxh7 Rae8 14. e4 dxe4 15. Nxf6+ Rxf6 16. Qh8+ Kf7 17. Rh7+ Ke6 18.
Bc4+ Qd5 19. Bxd5+ Kd7 20. Bg8 Nxd4 21. O-O-O e3 22.
Rg7 e2 23. Nxe2 Be4 24. Rxd4+ Kc6 25. Be6 Kb6 26. Rxe7 Ka6 27. Qxf6 Rxe7 28. Bc4+ Ka7 29.
Qa6+ Kb8 30. Rd8# 1-0

[Event "*** Titled Tuesday Blitz"]
[Site "Chess.com"]
[Date "2021.03.30"]
[Round "3"]
[White "Olga_Zhuravleva"]
[Black "FairChess_on_YouTube"]
[Result "0-1"]
[WhiteElo "2317"]
[BlackElo "3004"]
[TimeControl "180+1"]
[EndTime "10:27:41 PDT"]
[Termination "FairChess_on_YouTube won on time"]

1. e4 c5 2. Nf3 d6 3. d4 cxd4 4. Nxd4 Nf6 5. Nc3 Bd7 6. Bd3 Nc6 7. Nb3 g6 8. O-O Bg7 9. Re1 O-O 10. Bf1 Rc8 11.
Bg5 h6 12. Bh4 a5 13. Nd5 g5 14. Bg3 a4 15. Nc1 a3 16. Rb1 axb2 17. Nd3 Qa5 18.
c4 Nxd5 19. exd5 Nb4 20. Rxe7 Bf5 21. Bxd6 Nxd3 22. Bxd3 Bxd3 23. Qxd3 Qxa2 24. c5 Rfe8 25. h3 Ra8 26. Rxe8+ Rxe8 27. Kh2 Ra8 28. Be7 Qxb1 29.
Qxb1 Ra1 0-1

[Event "*** Titled Tuesday Blitz"]
[Site "Chess.com"]
[Date "2021.03.30"]
[Round "3"]
[White "LionTheLeon_06"]
[Black "korkmaz16"]
[Result "1-0"]
[WhiteElo "2692"]
[BlackElo "2500"]
[TimeControl "180+1"]
[EndTime "10:27:41 PDT"]
[Termination "LionTheLeon_06 won by resignation"]

1. g3 d5 2. Bg2 Nf6 3. c4 c6 4. Nf3 g6 5. b3 Bg7 6. Bb2 O-O 7. O-O Bf5 8. d3 Re8 9. Nbd2 a5 10. a3 Nbd7 11.
Nd4 e5 12. Nxf5 gxf5 13. e3 dxc4 14. Nxc4 e4 15. Nd6 Ne5 16. Nxe8 Qxe8 17. Bxe5 Qxe5 18. d4 Qe6 19. b4 Nd5 20. Qb3 a4 21. Qc4 h5 22. b5 cxb5 23. Qxb5 b6 24. Rfc1 h4 25. Rc6 Qd7 26. Rac1 Kh7 27. R6c5 Qxb5 28. Rxb5 Rd8 29. Bh3 Kg6 30. Rc6+ Kg5 31. Bf1 hxg3 32. hxg3 Bf8 33. Bc4 Nc3 34. Rbxb6 Bxa3 35. Bxf7 Ne2+ 36. Kg2 1-0

[Event "*** Titled Tuesday Blitz"]
[Site "Chess.com"]
[Date "2021.03.30"]
[Round "3"]
[White "Manukyan_Artak"]
[Black "Susal_De_Silva"]
[Result "1-0"]
[WhiteElo "2460"]
[BlackElo "2677"]
[TimeControl "180+1"]
[EndTime "10:27:41 PDT"]
[Termination "Manukyan_Artak won by resignation"]

1. e4 e5 2. Nf3 Nc6 3. d4 exd4 4. Nxd4 Bb4+ 5. c3 Bc5 6. Nxc6 bxc6 7. Bc4 Ne7 8.
Bxf7+ Kxf7 9. Qh5+ Ng6 10. Qxc5 d6 11. Qxc6 Bd7 12. Qc4+ Be6 13. Qe2 Rf8 14. f4 Kg8 15. f5 Ne5 16. fxe6 Qh4+ 17. g3 Qh3 18. Bf4 Rxf4 19.
gxf4 Nd3+ 20. Kd1 Nxf4 21. Qf1 Qe3 22. Nd2 Rb8 23. Kc2 Rxb2+ 24. Kxb2 Qxd2+ 25. Kb3 Nxe6 26. Qc4 Kf7 27. Rad1 Qg2 28. Rhg1 Qh3 29. e5 Ke7 30.
exd6+ cxd6 31. Rge1 Kd7 32. Qxe6+ Qxe6+ 33. Rxe6 Kxe6 1-0

[Event "*** Titled Tuesday Blitz"]
[Site "Chess.com"]
[Date "2021.03.30"]
[Round "3"]
[White "federicosellitti"]
[Black "annamaja"]
[Result "1-0"]
[WhiteElo "2545"]
[BlackElo "2345"]
[TimeControl "180+1"]
[EndTime "10:27:41 PDT"]
[Termination "federicosellitti won on time"]

1. e4 e6 2. b3 d5 3. Bb2 c5 4.
exd5 exd5 5. Nf3 Nf6 6. Qe2+ Be6 7. Ng5 Qd7 8. Nxe6 fxe6 9. g3 Nc6 10. Bh3 Nd8 11. d3 Be7 12. Nd2 O-O 13. Nf3 h6 14.
O-O d4 15. Rae1 Nd5 16. Ne5 Qd6 17. a4 Bf6 18. Nc4 Qc6 19. f4 Re8 20. Qh5 a6 21. g4 Nf7 22. g5 hxg5 23. fxg5 Nxg5 24. Bg2 b5 25. Ne5 Qc7 26. Bc1 Bxe5 27. Bxg5 Rf8 28. Be4 Rxf1+ 29. Rxf1 1-0

[Event "*** Titled Tuesday Blitz"]
[Site "Chess.com"]
[Date "2021.03.30"]
[Round "3"]
[White "suneebaker"]
[Black "DanilovVladimir"]
[Result "0-1"]
[WhiteElo "2129"]
[BlackElo "2492"]
[TimeControl "180+1"]
[EndTime "10:27:41 PDT"]
[Termination "DanilovVladimir won by resignation"]

1. Nf3 d5 2. g3 c6 3. Bg2 Nf6 4. O-O g6 5. b3 Bg7 6. Bb2 O-O 7. d3 Bg4 8. Nbd2 Nbd7 9. e4 dxe4 10. dxe4 Qc7 11.
h3 Bxf3 12. Nxf3 Rfd8 13. Qe2 Ne8 14. Bxg7 Nxg7 15. Rfd1 Ne5 16. Nd4 Qb6 17. Qe3 c5 18.
Ne2 Ne6 19. Nc3 Nd4 20. Nd5 Nxc2 21. Qc3 Rxd5 22. Rxd5 Nxa1 23. Rxe5 Nxb3 24. Qxb3 e6 25. Qc4 Rc8 26. h4 Qd6 27. f4 a6 28. Kh2 b5 29. Qc3 c4 30. h5 b4 31. Qc2 c3 32.
Ra5 Qd2 33. Qb3 c2 34. hxg6 hxg6 0-1

[Event "*** Titled Tuesday Blitz"]
[Site "Chess.com"]
[Date "2021.03.30"]
[Round "3"]
[White "Eternauta2400"]
[Black "Tacticus_Severus"]
[Result "1-0"]
[WhiteElo "2366"]
[BlackElo "2055"]
[TimeControl "180+1"]
[EndTime "10:27:41 PDT"]
[Termination "Eternauta2400 won on time"]

1. e4 c5 2. Nf3 e6 3. d4 cxd4 4. Nxd4 Nf6 5. Nc3 Nc6 6. Ndb5 d6 7. Bf4 e5 8. Bg5 a6 9. Na3 Be6 10. Nc4 Rc8 11. Bxf6 Qxf6 12. Nb6 Rb8 13. Ncd5 Qd8 14. c3 Be7 15. g3 O-O 16. Bg2 Kh8 17. O-O g6 18. a4 Bg5 19. b4 Bh6 20. a5 f5 21.
exf5 gxf5 22. f4 e4 23. Ne3 Ne7 24. Qd2 Bg7 25. Rfd1 Bb3 26. Re1 Qc7 27. Rac1 Rbd8 28.
c4 d5 29. cxd5 Qd6 30. Rb1 Bxd5 31. Red1 Qe6 32. Nbxd5 Nxd5 33. Nxd5 Rd6 34. Bf1 Rfd8 35. Bc4 e3 36. Qxe3 Qxe3+ 37. Nxe3 Bd4 38. Rd3 Re8 39.
Re1 Re4 40. Kg2 1-0

[Event "*** Titled Tuesday Blitz"]
[Site "Chess.com"]
[Date "2021.03.30"]
[Round "3"]
[White "IljaJoke"]
[Black "chessdjw"]
[Result "0-1"]
[WhiteElo "2512"]
[BlackElo "2774"]
[TimeControl "180+1"]
[EndTime "10:27:42 PDT"]
[Termination "chessdjw won by resignation"]

1. e4 e5 2. Nf3 Nc6 3. Bc4 Bc5 4. c3 Nf6 5. d3 d6 6. O-O a6 7. a4 O-O 8. Nbd2 h6 9. h3 Ne7 10. Re1 Ng6 11. Nf1 c6 12. d4 exd4 13. b4 Ba7 14.
Nxd4 Nxe4 15. Bxf7+ Rxf7 16. Rxe4 d5 17. Re1 Bd7 18.
Ng3 Qf6 19. Ra2 Raf8 20. Qd3 Bb8 21. Rae2 Ne5 22. Qc2 Nc4 23. a5 Qh4 24. Qd3 Bxh3 25. gxh3 Qxh3 26. Ne6 Ne5 0-1